 Dungeon Crawl Stone Soup version 0.22.0 (webtiles) character file.

41552 Goblin1989 the Fighter (level 13, 0/108 HPs)
             Began as a Demonspawn Chaos Knight on Aug 10, 2018.
             Killed from afar by a rime drake (7 damage)
             ... with a flash freeze
             ... summoned by Xom
             ... on level 6 of the Lair of Beasts on Aug 11, 2018.
             The game lasted 01:15:29 (18678 turns).

Goblin1989 the Fighter (Demonspawn Chaos Knight)   Turns: 18678, Time: 01:15:31

Health: 0/108      AC: 19    Str: 21    XL:     13   Next: 80%
Magic:  13/13      EV: 29    Int: 15    God:    Xom [....*.]
Gold:   938        SH: 12    Dex: 27    Spells: 12/12 levels left

rFire    + + .     SeeInvis .   a - +7 short sword "Edaneb" {pierce, rC+++ Str-4 Int-3 Dex+4}
rCold    + + +     Gourm    +   u - +0 shield
rNeg     . . .     Faith    .   f - +1 chain mail of a ziggurat {+Blink rElec rF++ Slay-3} (curse)
rPois    .         Spirit   .   (helmet unavailable)
rElec    +         Reflect  .   m - +0 cloak
rCorr    .         Harm     .   g - +0 pair of gloves
MR       +....     Clarity  +   (no boots)
Stlth    ++........             i - amulet of the gourmand
HPRegen  0.68/turn              c - ring "Tirheotex" {god gift, rC+ Str+2}
MPRegen  0.13/turn              U - ring of Phasing {EV+8}

@: mighty, agile
A: fangs 1, horns 3, talons 2, thin metallic scales 3, agile 1, clarity, clever
2, cold resistance 1, demonic guardian 1, magic resistance 1, mutation
resistance 1, regeneration 1, shaggy fur 1, electricity resistance, spiny 1,
strong 2
a: Renounce Religion, Evoke Blink


You were on level 6 of the Lair of Beasts.
You worshipped Xom.
You were a beloved toy of Xom.
You were very full.

You visited 2 branches of the dungeon, and saw 19 of its levels.
You also visited: Sewer.

You collected 1290 gold pieces.
You spent 352 gold pieces at shops.

Inventory:

Hand Weapons
 a - the +7 short sword "Edaneb" (weapon) {pierce, rC+++ Str-4 Int-3 Dex+4}
   (You bought it in a shop on level 6 of the Dungeon)

   It inflicts extra damage upon your enemies.
   It affects your strength (-4).
   It affects your intelligence (-3).
   It affects your dexterity (+4).
   It renders you almost immune to cold.
 b - a +0 short sword of chaos
 k - a +0 hunting sling
 w - a +0 blowgun {@w1}
Missiles
 s - 210 sling bullets
 F - 150 poisoned needles
 G - 378 stones (quivered) {@Q3}
 X - 10 curare-tipped needles
 Z - 2 throwing nets {!d , @Q1}
Armour
 f - the cursed +1 chain mail of a ziggurat (worn) {+Blink rElec rF++ Slay-3}
   (You found it on level 4 of the Lair of Beasts)

   It affects your accuracy and damage with ranged weapons and melee attacks
   (-3).
   It greatly protects you from fire.
   It insulates you from electricity.
   It lets you blink.
   It has a curse placed upon it.
 g - a +0 pair of gloves (worn)
 m - a +0 cloak (worn)
 u - a +0 shield (worn)
Jewellery
 c - the ring "Tirheotex" (left hand) {god gift, rC+ Str+2}
   (Xom gifted it to you on level 1 of the Lair of Beasts)

   [ring of protection from cold]

   It affects your strength (+2).
   It protects you from cold.
 i - an amulet of the gourmand (around neck)
 U - the ring of Phasing (right hand) {EV+8}
   (You found it on level 4 of the Lair of Beasts)

   [ring of evasion]

   It affects your evasion (+8).
Wands
 d - a wand of iceblast (9) {@v4}
 q - a wand of clouds (6) {@v3}
 Q - a wand of acid (30) {@v2}
 V - a wand of flame (23) {@v6}
 W - a wand of disintegration (13)
 Y - a wand of scattershot (4) {@v5}
Scrolls
 h - 12 scrolls of remove curse {@r3}
 o - 3 scrolls of enchant weapon {unknown}
 v - 5 scrolls of enchant armour
 B - a scroll of blinking
 I - a scroll of brand weapon
 K - 2 scrolls of holy word {unknown}
 M - 2 scrolls of magic mapping
 N - 5 scrolls of amnesia {unknown}
 P - 2 scrolls of summoning {unknown}
 T - 13 scrolls of teleportation {!r, @r2}
Potions
 n - a potion of berserk rage
 p - 3 potions of mutation {!q}
 r - 7 potions of flight
 y - 4 potions of lignification
 z - 6 potions of heal wounds
 A - 4 potions of curing {@q1}
 C - 4 potions of brilliance
 D - a potion of cancellation
 E - 3 potions of magic
 H - a potion of invisibility
 J - 4 potions of might {@q4}
 O - 2 potions of ambrosia
 R - a potion of haste {unknown}
 S - 3 potions of agility {@q5}
Comestibles
 e - 43 rations


   Skills:
 + Level 12.3 Fighting
 - Level 12.0 Short Blades
 + Level 6.8 Armour
 + Level 11.1 Dodging
 - Level 5.0 Stealth
 + Level 7.2 Shields


You had 12 spell levels left.
You didn't know any spells.
Your spell library contained the following spells:

 Spells                   Type           Power        Failure   Level  Hunger
 Bolt of Magma            Conj/Fire/Erth #.........   100%        5    ######.
 Mephitic Cloud           Conj/Pois/Air  #.......     100%        3    ####...
 Venom Bolt               Conj/Pois      #.........   100%        5    ######.
 Olgreb's Toxic Radiance  Pois           #.......     100%        4    #####..
 Animate Dead             Necr           N/A          100%        4    #####..
 Pain                     Necr           #...         99%         1    ##.....
 Animate Skeleton         Necr           N/A          99%         1    ##.....
 Vampiric Draining        Necr           #.........   100%        3    ####...
 Regeneration             Chrm/Necr      #.........   100%        3    ####...
 Sting                    Conj/Pois      #...         99%         1    ##.....
 Iron Shot                Conj/Erth      #.........   100%        6    #######
 Spider Form              Tmut/Pois      #.........   100%        3    ####...
 Blade Hands              Tmut           #.........   100%        5    ######.
 Ice Form                 Ice/Tmut       #.......     100%        4    #####..
 Sticks to Snakes         Tmut           #.......     100%        2    ###....
 Orb of Destruction       Conj           #.........   100%        7    #######
 Beastly Appendage        Tmut           #.....       99%         1    ##.....
 Iskenderun's Battlesphe  Conj/Chrm      #.......     100%        5    ######.
 Spellforged Servitor     Conj/Summ      #.........   100%        7    #######
 Poisonous Vapours        Pois/Air       #.....       100%        2    ###....


Dungeon Overview and Level Annotations

Branches:
Dungeon (13/15)            Temple (0/1) D:6            Lair (6/6) D:9
 Shoals (0/4) Lair:2       Spider (0/4) Lair:3        Slime (0/5) Lair:5
    Orc (0/2) D:11
 Vaults: D:13-14

Altars:
Ashenzari
Elyvilon
Fedhas
Gozag
Kikubaaqudgha
Nemelex Xobeh
Okawaru
Qazlal
Ru
Sif Muna
Wu Jian
Xom
Yredelemnul
Zin

Shops:
D:6 (   D:10 !

Annotations:
D:2 1 runed door
Lair:2 1 runed door, Wecoro's ghost, journeyman MiBe


Innate Abilities, Weirdness & Mutations

You have a pair of large horns on your head.
You are completely covered in thin metallic scales. (AC +4, rElec)
A weak demonic guardian rushes to your aid.
You are partially covered in sharp spines.
You have very sharp teeth.
You have razor-sharp toenails.
You are agile. (Dex +2)
You possess an exceptional clarity of mind.
Your mind is very acute. (Int +4)
Your flesh is cold resistant. (rC+)
You are resistant to hostile enchantments. (MR+)
You are somewhat resistant to further mutation.
Your natural rate of healing is unusually fast.
You are covered in fur. (AC +1)
You are resistant to electric shocks. (rElec)
Your muscles are very strong. (Str +4)


Message History

The black mamba misses you. The wind drake flaps its wings at you.
The air twists around and strikes you!
* * * LOW HITPOINT WARNING * * *
The black mamba completely misses you.
Things that are here:
a manticore corpse; a polar bear corpse You take 9 damage, and have 38/108 hp.
You barely miss the black mamba. You claw the black mamba!
You bite the black mamba.
The black mamba is almost dead.
You block the black mamba's attack. You block the elephant's attack.
The elephant completely misses you. The water moccasin barely misses you.
Unknown command.
You miss the black mamba. Your kick misses the black mamba.
You headbutt the black mamba.
You kill the black mamba!
The black mamba's corpse disappears in a puff of smoke!
Unknown command.
You puncture the water moccasin! You claw the water moccasin!
Your headbutt misses the water moccasin.
The water moccasin is almost dead.
You block the water moccasin's attack. You block the elephant's attack.
The elephant completely misses you.
The rime drake closely misses your shadow imp.
The elephant is struck by your spines. The elephant misses you.
The elephant completely misses you. The wind drake completely misses you.
Unknown command.
You hit the water moccasin.
You kill the water moccasin!
The water moccasin's corpse disappears in a puff of smoke!
Xom smiles on you.
You feel more agile all of a sudden.
You are now a beloved toy of Xom.
The elephant misses you. The elephant completely misses you.
Unknown command.
You puncture the wind drake! You claw the wind drake!
You headbutt the wind drake!!
The wind drake is severely wounded.
You block the elephant's attack. The elephant completely misses you.
The elephant is struck by your spines. The elephant closely misses you.
The elephant barely misses you. The wind drake flaps its wings at you.
The air twists around and strikes you!
You puncture the wind drake! You claw the wind drake. You bite the wind drake.
The wind drake is almost dead.
The rime drake is struck by your spines.
The rime drake misses you. The elephant completely misses you. x2
Your shadow imp barely misses the rime drake.
The elephant completely misses you.
The elephant trunk-slaps you but does no damage.
The wind drake exhales a fierce blast of wind!
You are blown backwards!
Your shadow imp and the rime drake are blown away by the wind.
Xom adds some personal touches to your environment.
The rime drake breathes ice at you. The flash freeze hits you!
You partially resist.
* * * LOW HITPOINT WARNING * * *
You are encased in ice.
You take 11 damage, and have 29/108 hp.
Unknown command.
Unknown command.
The elephant tramples your shadow imp!
Your shadow imp holds its ground!
The elephant trunk-slaps your shadow imp but does no damage.
The ice encasing you melts away. The rime drake misses your shadow imp.
Your shadow imp hits the elephant but does no damage.
The elephant tramples your shadow imp.
Your shadow imp stumbles backwards!
Your shadow imp dies!
The wind drake flaps its wings at you. The air twists around and strikes you!
* * * LOW HITPOINT WARNING * * *
You take 5 damage, and have 25/108 hp.
Unknown command.
The elephant tramples the fungus!!
The elephant trunk-slaps the fungus but does no damage.
The wind drake flaps its wings at you. The air twists around and strikes you!
* * * LOW HITPOINT WARNING * * *
The rime drake bites the fungus.
You take 4 damage, and have 21/108 hp.
The elephant tramples the fungus!
The elephant trunk-slaps the fungus.
The rime drake bites the fungus.
The wind drake flaps its wings at you. The air twists around and strikes you!
* * * LOW HITPOINT WARNING * * *
Unknown command.
You take 3 damage, and have 18/108 hp.
Unknown command.
The rime drake breathes ice at you. You block the flash freeze.
The elephant tramples the fungus!
The fungus is destroyed!
A crocodile comes into view.
The wind drake flaps its wings at you. The air twists around and strikes you!
* * * LOW HITPOINT WARNING * * *
The rime drake breathes ice at you. The flash freeze hits you!
You partially resist.
You die...
Xom laughs nastily!

▓▓▓ ▓█....?.█.█.........···
··▓▓▓▓▓▓▓▓ █.....█............···
········.█▓█..................···
·······...██..................···
······....P.█......†?.<.......···
······......█.................···
······.................██..██.···
·▓····...............P██·▓██▓····
▓▓▓··▓·.........@...███▓▓▓ ▓▓···
▓▓▓▓···█..........██ ▓····
▓▓·██(..........█ ▓▓···
▓▓█.....kY.....█ ▓▓···
██....⌂Y....t.█▓ ▓····
█...k..k█████..█▓▓▓▓▓▓≈···
█...†.Y.██≈.≈≈.█·▓··▓≈≈···
██......≈.≈≈P.≈≈.≈≈≈··≈≈···
██......P≈█.≈≈█▓≈≈▓▓≈≈▓▓≈≈▓▓


You could see 3 elephants, a wind drake, 2 rime drakes and a crocodile.

Vanquished Creatures
  5 hydras
  An ice dragon (Lair:5)
  Harold (D:8)
  A centaur warrior (D:10)
  Erica (Lair:2)
  A death knight (D:12)
  A two-headed ogre (D:12)
  Sonja (Lair:3)
  A sea snake (Lair:6)
  Pikel (D:8)
  A wolf spider (Lair:4)
  An ugly thing (D:13)
  A cyclops (D:12)
  10 elephants
  A manticore (Lair:6)
  2 black mambas (Lair:4)
  A centaur zombie (D:11)
  6 spiny frogs
  4 rime drakes
  7 komodo dragons
  A wind drake (Lair:6)
  4 trolls
  A queen bee (Lair:1)
  2 polar bears (Lair:6)
  10 blink frogs
  Grinder (D:5)
  A hornet (Lair:6)
  9 hippogriffs
  3 redbacks (Lair:3)
  A shadow (D:11)
  A wyvern (D:10)
  17 yaks
  A wraith (D:12)
  2 basilisks
  2 steam dragons
  3 hungry ghosts
  Duvessa (D:5)
  3 soldier ants
  2 porcupines (Lair:1)
  5 orc warriors
  9 water moccasins
  3 ice beasts
  A phantom (D:8)
  10 ogres
  2 slaves (D:8)
  2 wolves (D:8)
  5 centaurs
  7 crocodiles
  3 big kobolds
  16 bullfrogs
  5 scorpions
  37 killer bees
  4 electric eels
  3 howler monkeys
  4 wights (D:7)
  8 crimson imps
  5 bullfrog zombies
  8 hounds
  13 jellies
  3 orc priests
  2 bullfrog skeletons
  9 orc wizards
  3 centaur skeletons
  7 iguanas
  13 worker ants
  A killer bee zombie (D:8)
  4 hound skeletons
  A worker ant zombie (D:10)
  17 adders
  A river rat (D:4)
  2 shadow imps
  3 white imps (Lair:5)
  An ooze (Lair:5)
  An adder skeleton (D:5)
  A dart slug (D:3)
  7 leopard geckos
  25 orcs
  6 giant cockroaches
  A goblin (D:1)
  12 hobgoblins
  22 jackals
  4 quokkas
  4 ball pythons
  5 bats
  11 frilled lizards
  A kobold (shapeshifter) (Sewer)
  20 kobolds
  A leopard gecko skeleton (D:7)
  6 rats
457 creatures vanquished.

Vanquished Creatures (collateral kills)
  A hydra (Lair:3)
  2 elephants
  A black mamba (Lair:5)
  A gargoyle (D:10)
  A spiny frog (Lair:6)
  A rime drake (Lair:5)
  A blink frog (Lair:5)
  A redback (Lair:3)
  Grum (D:8)
  2 orc warriors
  A centaur (D:5)
  A crocodile (Lair:4)
  A big kobold (Sewer)
  Dowan (D:5)
  2 killer bees (Lair:1)
  A hound (D:10)
  2 jellies (Lair:5)
  2 worker ants (D:4)
  An adder (Lair:4)
  2 oozes (D:1)
  6 orcs
  2 jackals (D:1)
  A frilled lizard (D:1)
  2 kobolds (Sewer)
37 creatures vanquished.

Vanquished Creatures (others)
  An elephant (Lair:4)
  A killer bee (D:8)
  An orc priest (D:7)
  4 orcs
  A bush (Lair:4)
  12 fungi
  24 plants
44 creatures vanquished.

Grand Total: 538 creatures vanquished

Notes
Turn   | Place    | Note
-------+----------+-------------------------------------------
     0 | D:1      | Goblin1989 the Demonspawn Chaos Knight began the quest for the Orb.
     0 | D:1      | Reached XP level 1. HP: 18/18 MP: 1/1
    54 | D:1      | XOM: harmless Fire miscast
   168 | D:1      | You fall through a shaft!
   185 | D:2      | Gained mutation: A weak demonic guardian rushes to your aid. [demonic ancestry]
   185 | D:2      | Reached XP level 2. HP: 24/24 MP: 2/2
   399 | D:1      | Reached XP level 3. HP: 25/29 MP: 3/3
   454 | D:1      | XOM: divination: detect creatures
  1668 | D:2      | Found a runed door.
  1714 | D:2      | Gained mutation: You are partially covered in thin metallic scales. (AC +2) [demonic ancestry]
  1714 | D:2      | Reached XP level 4. HP: 35/35 MP: 4/4
  1731 | D:2      | XOM: harmless Air miscast
  1865 | D:3      | Found a shimmering altar of Xom.
  1866 | D:3      | XOM: harmless Ice miscast
  2055 | D:3      | XOM: smoke on damage
  2130 | D:3      | XOM: cloud trail
  2140 | D:3      | XOM: god gift: 18 bolts {god gift}
  2274 | D:3      | Found a white marble altar of Elyvilon.
  2283 | D:3      | Found an ancient bone altar of Kikubaaqudgha.
  2341 | D:3      | XOM: medium Air miscast
  2378 | D:3      | XOM: god gift: 18 sling bullets {god gift}
  2441 | D:3      | XOM: god gift: 25 gold pieces {god gift}
  2861 | D:3      | XOM: harmless Summ miscast
  2920 | D:3      | XOM: stat loss: -1 Int (13/14)
  2971 | D:3      | Found a glowing silver altar of Zin.
  2997 | D:4      | Reached skill level 5 in Short Blades
  3021 | D:4      | Gained mutation: You have a pair of small horns on your head. [demonic ancestry]
  3021 | D:4      | Reached XP level 5. HP: 19/41 MP: 5/5
  3049 | D:4      | Found a sparkling altar of Nemelex Xobeh.
  3081 | D:4      | XOM: summons 4 friendly demons
  3104 | D:4      | Noticed an ogre
  3115 | D:4      | Killed an ogre
  3115 | D:4      | Reached XP level 6. HP: 27/47 MP: 6/6
  3198 | D:4      | XOM: medium Pois miscast
  3322 | D:4      | Found a glowing drain.
  3340 | Sewer    | Entered a sewer
  3540 | Sewer    | Reached XP level 7. HP: 42/52 MP: 7/7
  4085 | Sewer    | XOM: stat loss: -1 Dex (13/14)
  4183 | Sewer    | XOM: divination: magic mapping
  4231 | D:4      | XOM: give mutations
  4231 | D:4      | Gained mutation: You are robust. (+10% HP) [Xom's grace]
  4231 | D:4      | Gained mutation: Your mind is acute. (Int +2) [Xom's grace]
  4231 | D:4      | Gained mutation: Your mind is very acute. (Int +4) [Xom's grace]
  4231 | D:4      | Gained mutation: You are resistant to electric shocks. (rElec) [Xom's grace]
  4478 | D:4      | Found a shimmering altar of Xom.
  4487 | D:4      | XOM: mild Chrm miscast
  4668 | D:5      | Entered Level 5 of the Dungeon
  4709 | D:5      | Noticed Grinder
  4712 | D:5      | XOM: silly message
  4713 | D:5      | XOM: divination: detect creatures
  4721 | D:5      | Paralysed by Grinder for 4 turns
  4731 | D:5      | XOM: harmless Conj miscast
  4743 | D:5      | Killed Grinder
  5072 | D:5      | Noticed Duvessa
  5077 | D:5      | Noticed Dowan
  5089 | D:5      | Killed Duvessa
  5095 | D:5      | Killed Dowan
  5095 | D:5      | Gained mutation: You are partially covered in sharp spines. [demonic ancestry]
  5095 | D:5      | Reached XP level 8. HP: 17/63 MP: 8/8
  5134 | D:5      | XOM: 1-stop teleportation journey
  5210 | D:4      | XOM: medium Chrm miscast
  5578 | D:5      | XOM: polymorph adder -> iguana
  5890 | D:5      | XOM: give mutations
  5890 | D:5      | Gained mutation: You are covered in fur. (AC +1) [Xom's grace]
  5890 | D:5      | Gained mutation: Your natural rate of healing is unusually fast. [Xom's grace]
  5890 | D:5      | Gained mutation: You possess an exceptional clarity of mind. [Xom's grace]
  6038 | D:5      | XOM: cast spell 'Metabolic Englaciation'
  6045 | D:5      | Reached skill level 10 in Short Blades
  6225 | D:6      | Reached skill level 1 in Dodging
  6383 | D:6      | Found Qeotecofu's Antique Weapon Shoppe.
  6414 | D:6      | Bought a crystal short sword for 232 gold pieces
  6414 | D:6      | Identified the +7 short sword "Edaneb" {pierce, rC+++ Str-4 Int-3 Dex+4} (You bought it in a shop on level 6 of the Dungeon)
  6567 | D:6      | Found a staircase to the Ecumenical Temple.
  6613 | D:7      | XOM: stealth player
  6671 | D:7      | XOM: summons friendly shadow imp
  6708 | D:7      | XOM: smoke on damage
  6892 | D:7      | XOM: summons friendly quasit
  6896 | D:7      | XOM: destruction
  6900 | D:7      | XOM: butterfly on damage
  6906 | D:7      | XOM: fake destruction
  6924 | D:7      | XOM: cleaving
  6993 | D:7      | XOM: god gift: 2 green potions {god gift}
  7150 | D:7      | Gained mutation: You have a pair of horns on your head. [demonic ancestry]
  7150 | D:7      | Reached XP level 9. HP: 71/71 MP: 9/9
  7155 | D:7      | XOM: cleaving
  7161 | D:7      | XOM: butterfly on damage
  7356 | D:7      | XOM: god gift: 940 gold pieces {god gift}
  7407 | D:7      | XOM: mild Tloc miscast
  7421 | D:7      | XOM: give mutations
  7421 | D:7      | Gained mutation: You expend magic power (3 MP) to strengthen your wands. [Xom's grace]
  7421 | D:7      | Gained mutation: You are mostly covered in thin metallic scales. (AC +3) [Xom's grace]
  7421 | D:7      | Gained mutation: Your muscles are strong. (Str +2) [Xom's grace]
  7447 | D:7      | XOM: potion effect (heal wounds)
  7609 | D:7      | Found a deep blue altar of Sif Muna.
  7679 | D:7      | XOM: silly message
  7706 | D:8      | Found an ornate altar of the Wu Jian Council.
  7708 | D:8      | Found a basalt altar of Yredelemnul.
  7762 | D:8      | XOM: silly message
  7792 | D:8      | Noticed Pikel
  7825 | D:8      | Killed Pikel
  7825 | D:8      | Reached skill level 5 in Fighting
  7906 | D:8      | Noticed Grum
  7909 | D:8      | Noticed Harold
  7914 | D:8      | Killed Grum
  7920 | D:8      | XOM: divination: detect items
  7931 | D:8      | XOM: cast spell 'Monstrous Menagerie'
  7932 | D:8      | XOM: harmless Hex miscast
  7948 | D:8      | Killed Harold
  7948 | D:8      | Reached skill level 5 in Dodging
  7948 | D:8      | Reached XP level 10. HP: 44/84 MP: 10/10
  8060 | D:8      | XOM: cast spell 'Call Canine Familiar'
  8115 | D:8      | XOM: harmless Pois miscast
  8154 | D:8      | Found an iron altar of Okawaru.
  8564 | D:8      | XOM: cloud trail
  8625 | D:8      | Found a sacrificial altar of Ru.
  8956 | D:9      | Found a stormy altar of Qazlal.
  8962 | D:9      | Found a blossoming altar of Fedhas.
  9042 | D:9      | XOM: cloud trail
  9056 | D:9      | Found a staircase to the Lair.
  9056 | D:9      | Noticed an elephant
  9057 | D:9      | XOM: cast spell 'Summon Butterflies'
  9064 | D:9      | XOM: confuse monster(s)
  9179 | D:9      | XOM: noise
  9264 | D:9      | XOM: noise
  9272 | D:9      | Killed an elephant
  9495 | D:10     | Entered Level 10 of the Dungeon
  9518 | D:10     | Found Acrab's Distillery.
  9526 | D:10     | Bought a potion of cancellation for 120 gold pieces
  9542 | D:10     | XOM: divination: detect creatures
  9772 | D:10     | Found an ancient bone altar of Kikubaaqudgha.
  9773 | D:10     | XOM: polymorph bullfrog -> wyvern
  9986 | D:10     | XOM: harmless Conj miscast
 10116 | D:10     | XOM: summons 8 friendly demons
 10124 | D:10     | Reached XP level 11. HP: 87/94 MP: 11/11
 10154 | D:10     | XOM: divination: detect items
 10540 | D:10     | XOM: chaos cloud
 10546 | D:10     | Paralysed by you for 7 turns
 10603 | D:10     | Noticed a centaur warrior
 10604 | D:10     | Noticed a seven-headed hydra
 10613 | D:10     | Killed a centaur warrior
 10623 | D:10     | Killed a seven-headed hydra
 10749 | D:10     | Reached skill level 5 in Armour
 11072 | D:11     | XOM is BORED!
 11072 | D:11     | XOM: 1-stop teleportation journey
 11302 | D:11     | XOM: divination: detect creatures
 11467 | D:11     | Found a staircase to the Orcish Mines.
 11723 | D:11     | XOM: god gift: 16 stones {god gift}
 11933 | D:12     | Noticed a two-headed ogre
 11936 | D:12     | Killed a two-headed ogre
 11936 | D:12     | Reached skill level 1 in Shields
 12037 | D:12     | Noticed a death knight
 12044 | D:12     | Reached skill level 10 in Fighting
 12050 | D:12     | XOM: confuse monster(s)
 12053 | D:12     | XOM: scenery: 2 doors open, 1 doors close
 12058 | D:12     | XOM: fake destruction
 12059 | D:12     | Killed a death knight
 12070 | D:12     | XOM: divination: detect creatures
 12154 | D:12     | Found an opulent altar of Gozag.
 12426 | D:12     | Got a dazzling mace
 12471 | D:13     | XOM: 9-stop teleportation journey
 12472 | D:13     | Noticed a cyan ugly thing
 12480 | D:13     | Killed a cyan ugly thing
 12480 | D:13     | Reached XP level 12. HP: 97/106 MP: 12/12
 12584 | D:9      | XOM: cloud trail
 12613 | Lair:1   | Entered Level 1 of the Lair of Beasts
 12725 | Lair:1   | Noticed an eight-headed hydra
 12738 | Lair:1   | Killed an eight-headed hydra
 12846 | Lair:1   | XOM: god gift: pitted iron ring {god gift}
 12847 | Lair:1   | Got a pitted iron ring {god gift}
 12849 | Lair:1   | Identified the ring "Tirheotex" {god gift, rC+ Str+2} (Xom gifted it to you on level 1 of the Lair of Beasts)
 13138 | Lair:1   | XOM: god gift: ring mail {god gift}
 13431 | Lair:1   | XOM is BORED!
 13431 | Lair:1   | XOM: noise
 13599 | Lair:1   | XOM: polymorph killer bee -> jelly
 13608 | Lair:1   | XOM: summons friendly crimson imp
 13614 | Lair:1   | XOM: summons friendly ufetubus
 13649 | Lair:1   | Reached skill level 1 in Stealth
 13654 | Lair:1   | XOM: give mutations
 13654 | Lair:1   | Gained mutation: Your flesh is cold resistant. (rC+) [Xom's grace]
 13654 | Lair:1   | Gained mutation: You are agile. (Dex +2) [Xom's grace]
 13654 | Lair:1   | Gained mutation: You are somewhat resistant to further mutation. [Xom's grace]
 13664 | Lair:1   | XOM: god gift: 49 gold pieces {god gift}
 13942 | Lair:1   | XOM: harmless Summ miscast
 13953 | Lair:1   | XOM: god gift: robe {god gift}
 13980 | Lair:1   | Got a pitted spear
 14008 | Lair:1   | XOM: scenery: create altars
 14020 | Lair:1   | XOM: give mutations
 14020 | Lair:1   | Gained mutation: You have sharp toenails. [Xom's grace]
 14020 | Lair:1   | Gained mutation: Your muscles are very strong. (Str +4) [Xom's grace]
 14020 | Lair:1   | Gained mutation: You are resistant to hostile enchantments. (MR+) [Xom's grace]
 14020 | Lair:1   | Gained mutation: You have razor-sharp toenails. [Xom's grace]
 14407 | Lair:2   | Noticed Wecoro's ghost (journeyman MiBe)
 14442 | Lair:2   | Found a runed door.
 14490 | Lair:2   | XOM: draining
 14509 | Lair:2   | Noticed Erica
 14511 | Lair:2   | XOM: cleaving
 14517 | Lair:2   | Killed Erica
 14593 | Lair:2   | Got a bloodstained hand axe
 14594 | Lair:2   | Identified the +9 hand axe "Ysogrofa" {speed, rPois Int+2 Dex-3} (You found it on level 2 of the Lair of Beasts)
 14595 | Lair:2   | Identified the +6 spear "Micynein" {pierce, Int+3} (You found it on level 1 of the Lair of Beasts)
 14661 | Lair:2   | Noticed a five-headed hydra
 14671 | Lair:2   | Killed a five-headed hydra
 14840 | Lair:2   | Noticed an eight-headed hydra
 14843 | Lair:2   | Killed an eight-headed hydra
 14959 | Lair:2   | Found a staircase to the Shoals.
 15205 | Lair:2   | XOM is BORED!
 15205 | Lair:2   | XOM: give mutation
 15205 | Lair:2   | Lost mutation: You are robust. (+10% HP) [Xom's mischief]
 15411 | Lair:3   | XOM: scenery: 1 doors open
 15420 | Lair:3   | XOM: harmless Conj miscast
 15447 | Lair:3   | XOM: scenery: create altars
 15468 | Lair:3   | XOM: cleaving
 15472 | Lair:3   | Reached skill level 5 in Shields
 15492 | Lair:3   | Reached skill level 10 in Dodging
 15572 | Lair:3   | XOM: harmless Tmut miscast
 15645 | Lair:3   | Noticed Sonja
 15647 | Lair:3   | XOM: enchant monster (good)
 15651 | Lair:3   | Killed Sonja
 15731 | Lair:3   | Noticed a seven-headed hydra
 15739 | Lair:3   | Killed a seven-headed hydra
 15948 | Lair:3   | XOM: 6-stop teleportation journey
 16158 | Lair:3   | Found a hole to the Spider Nest.
 16200 | Lair:3   | Gained mutation: You have a pair of large horns on your head. [demonic ancestry]
 16200 | Lair:3   | Reached XP level 13. HP: 74/106 MP: 13/13
 16405 | Lair:4   | Got an ichor-stained chain mail
 16416 | Lair:4   | Identified the cursed +1 chain mail of a ziggurat {+Blink rElec rF++ Slay-3} (You found it on level 4 of the Lair of Beasts)
 16479 | Lair:4   | XOM: harmless Erth miscast
 16480 | Lair:4   | XOM: destruction
 16492 | Lair:4   | XOM: give mutation
 16492 | Lair:4   | Lost mutation: You expend magic power (3 MP) to strengthen your wands. [Xom's mischief]
 16522 | Lair:4   | XOM: divination: detect items
 16533 | Lair:4   | Reached skill level 5 in Stealth
 16542 | Lair:4   | XOM: destruction
 16543 | Lair:4   | XOM: scenery: create altars
 16549 | Lair:4   | XOM: enchant monster (good)
 16564 | Lair:4   | XOM: polymorph white imp -> iron imp
 16797 | Lair:4   | XOM: give mutations
 16797 | Lair:4   | Gained mutation: You have very sharp teeth. [Xom's grace]
 16797 | Lair:4   | Gained mutation: You are completely covered in thin metallic scales. (AC +4, rElec) [Xom's grace]
 16911 | Lair:4   | Found the ring of Phasing {EV+8}
 16951 | Lair:4   | XOM: swap monsters
 17531 | Lair:5   | Found a staircase to the Slime Pits.
 17704 | Lair:5   | XOM: enchant monster (good)
 17784 | Lair:5   | XOM: noise
 17888 | Lair:5   | Found a shattered altar of Ashenzari.
 18560 | Lair:6   | Entered Level 6 of the Lair of Beasts
 18613 | Lair:6   | XOM: summons friendly quasit
 18619 | Lair:6   | XOM: summons friendly ufetubus
 18629 | Lair:6   | XOM: cast spell 'Statue Form'
 18631 | Lair:6   | XOM: blink monster(s)
 18659 | Lair:6   | XOM: summons 4 hostile shadow creatures
 18666 | Lair:6   | XOM: potion effect (agility)
 18669 | Lair:6   | XOM: scenery: create altars
 18678 | Lair:6   | Killed from afar by a rime drake

Skill      XL: |  1  2  3  4  5  6  7  8  9 10 11 12 13 |
---------------+----------------------------------------+-----
Short Blades   | 3 4 5 6 7 9 10 11 12 | 12.0
Dodging        | 2 5 6 9 10 11 | 11.1
Fighting       | 4 6 8 10 11 12 | 12.3
Armour         | 3 5 6 |  6.8
Shields        | 2 5 7 |  7.2
Stealth        | 4 5 |  5.0

Action                   |  1- 3 |  4- 6 |  7- 9 | 10-12 | 13-15 || total
-------------------------+-------+-------+-------+-------+-------++-------
Melee: Short sword       |   134 |   155 |   174 |   771 |   334 ||  1568
       Headbutt          |       |    13 |    52 |   154 |    92 ||   311
       Dagger            |       |       |   197 |    12 |       ||   209
       Kick              |       |       |       |    68 |   144 ||   212
       Bite              |       |       |       |       |    27 ||    27
 Fire: Blowgun           |       |       |     9 |       |       ||     9
Throw: Javelin           |       |       |       |     2 |       ||     2
Evoke: Wand              |       |       |       |    11 |       ||    11
  Use: Potion            |       |     5 |     2 |     3 |     3 ||    13
       Scroll            |       |       |     8 |     8 |     4 ||    20
 Stab: Paralysed         |     3 |       |       |       |       ||     3
       Sleeping          |     2 |       |       |    14 |       ||    16
       Invisible         |       |       |     3 |     7 |       ||    10
       Held in net/web   |       |       |     1 |       |       ||     1
       Distracted        |       |       |       |     9 |     7 ||    16
       Petrified         |       |       |       |     1 |       ||     1
       Confused          |       |       |       |       |     2 ||     2
  Eat: Chunk             |     3 |     4 |     9 |    24 |    19 ||    59
       Ration            |       |       |     2 |     1 |       ||     3
Armor: Leather armour    |    33 |    57 |    41 |       |       ||   131
       Ring mail         |       |       |    38 |    46 |       ||    84
       Troll leather arm |       |       |       |    65 |       ||    65
       Skin              |       |       |       |    47 |       ||    47
       Chain mail        |       |       |       |       |    61 ||    61
Dodge: Dodged            |    69 |    96 |   154 |   335 |   150 ||   804
Block: Shield            |       |       |       |   145 |   133 ||   278

Vault maps used:
D:1:      matt_arrival_refuge
D:2:      uniq_crazy_yiuf_cottage
D:3:      zin_scriptorium, grunt_temple_overflow_open, xom_teletrap_fun
D:4:      lemuel_coloured_pillars_altar, nemelex_xobeh_ov_fountains_minmay,
          gup_sewer_entry_bubbles, first_ration, hangedman_decor_clover_reticule
D:5:      uniq_grinder, uniq_duvessa
D:6:      minmay_temple_entry_fiery, serial_shops, nicolae_shop_crystal
D:7:      lemuel_doored_altar, centaur_isle
D:8:      lemuel_crystal_altar, okawaru_ov_weapons_minmay,
          yredelemnul_altar_generic, nicolae_ru_awakened_eye,
          hangedman_pestilent_swarm, uniq_grum, uniq_harold, uniq_pikel
D:9:      grunt_temple_overflow_forces_of_nature, david_lair_generic
D:10:     kennysheep_windowed_halls, serial_shops, shop, lemuel_tele_altar
D:11:     orc_0_dummy
D:12:     kennysheep_crisscross, spider_trap, grunt_gozag_breadcrumbs
D:13:     david_vaults_2, uniq_erolcha
Lair:1:   special_room, grunt_forest_small_clearings
Lair:2:   elwin_shoals_entry_rooms, hellmonk_ghost_happy_afterlife,
          minmay_holes, uniq_erica
Lair:3:   spider_nest_entry_funnel_web, grunt_megastairs_2,
          infiniplex_staircase_pool_2, lemuel_fruit_fields, uniq_sonja
Lair:4:   minmay_lair_venomous_thicket
Lair:5:   minmay_slime_entry_jelly_boxes, basic_altar, bobbens_ice_dragon_lair,
          serial_bayou_shore_a
Lair:6:   gammafunk_lair_ancient_temple, portal_ice_cave_entry_pillars_2
Sewer:    kennysheep_pipe_town
